Map: Cosmic Sapphire

Players

DarthSmthing - Winner!

  • Race: Terran Terran
  • League: Silver
  • Spawn Location: 11:00

koke

  • Race: Protoss Protoss
  • League: Silver
  • Spawn Location: 5:00

VOD

Have the link to the VOD?

Description

Time

  • Played on: Aug. 27, 2022, 11:18 a.m.
  • Length: 20:46
Show
View Real Time Build Order
Export as new Build Order

DarthSmthing Terran - Winner!

Build Orders:  

Get SALT Encoding   

  12  0:01  SCV  
  13  0:13  SCV  
  14  0:21  Supply Depot  
  14  0:25  SCV  
  15  0:31  Refinery  
  15  0:48  Barracks  
  15  0:59  Barracks  
  15  1:00  SCV  
  16  1:17  SCV  
  17  1:29  SCV  
  18  1:36  Supply Depot  
  18  1:37  Engineering Bay  
  18  1:39  Marine  
  19  1:41  SCV  
  20  1:57  Orbital Command, Marine  
  21  2:07  Supply Depot  
  21  2:15  Marine  
  22  2:18  Marine  
  23  2:27  Missile Turret  
  23  2:30  Supply Depot  
  23  2:35  SCV  
  24  2:40  Marine  
  25  2:47  SCV  
  26  2:59  SCV  
  27  3:09  Bunker  
  27  3:14  Factory  
  27  3:18  Refinery, SCV  
  28  3:21  Terran Infantry Weapons Level 1  
  28  3:30  SCV  
  28  3:32  Barracks Tech Lab  
  29  3:36  Marine  
  30  3:54  Marine  
  31  4:00  Starport  
  31  4:02  Factory Tech Lab  
  31  4:12  Marine  
  32  4:21  Command Center  
  32  4:24  Siege Tank  
  35  4:29  Stimpack  
  35  4:30  Marine  
  36  4:31  Marine  
  37  4:40  Medivac  
  39  4:47  Marine  
  39  4:49  Marine  
  41  4:56  Armory  
  41  5:05  Marine  
  42  5:07  Marine  
  43  5:21  Siege Tank  
  43  5:25  SCV  
  47  5:28  Starport Reactor  
  47  5:33  Marine  
  47  5:34  Marine  
  49  5:37  SCV  
  50  5:49  SCV  
  51  5:51  Marine x2  
  51  5:54  Barracks  
  53  6:01  SCV  
  54  6:07  Terran Infantry Weapons Level 2  
  54  6:09  Marine  
  55  6:13  SCV  
  56  6:19  Engineering Bay  
  56  6:22  Supply Depot  
  56  6:40  Marine x2  
  56  6:43  Barracks  
  56  6:45  Supply Depot  
  58  6:48  Barracks Reactor  
  58  6:58  Marine x2  
  60  7:01  Terran Infantry Armor Level 1  
  60  7:08  Terran Vehicle Weapons Level 1  
  60  7:15  Marine  
  60  7:16  Marine  
  62  7:30  Marine x2  
  62  7:33  Marine  
  62  7:34  Marine  
  66  7:37  Barracks Reactor  
  66  7:47  Marine  
  66  7:48  Marine  
  68  7:51  Marine x2  
  68  7:52  Missile Turret  
  70  8:05  Marine x2  
  69  8:09  Marine x2  
  73  8:13  Orbital Command, Missile Turret  
  73  8:16  SCV  
  74  8:23  Marine x2  
  76  8:27  Marine x2  
  76  8:28  SCV  
  79  8:36  Marine x2  
  79  8:40  SCV  
  79  8:41  Marine x2  
  82  8:45  Marine x2  
  86  8:57  Refinery  
  86  9:01  Refinery  
  86  9:04  Marine x6  
  86  9:05  SCV  
  93  9:11  Supply Depot  
  94  9:17  SCV x2  
  94  9:21  Siege Tank  
  94  9:22  Marine x3  
  101  9:29  SCV  
  102  9:34  Supply Depot  
  99  9:56  Supply Depot  
  73  10:22  Medivac x2  
  73  10:23  Marine  
  73  10:24  Marine x4  
  73  10:26  Marauder  
  84  10:41  Marine x2  
  84  10:42  Marine x3  
  89  10:47  Marauder  
  91  10:50  Barracks  
  91  10:52  Medivac  
  92  11:08  Marauder  
  94  11:13  Marine x5  
  99  11:28  SCV x2  
  99  11:30  Marauder, Marine  
  99  11:31  Marine  
  105  11:37  Barracks  
  105  11:40  SCV x2  
  105  11:42  Medivac x2  
  105  11:43  Command Center, Marine  
  112  11:51  Marauder  
  112  11:52  SCV  
  112  11:53  Terran Infantry Armor Level 2, SCV  
  116  12:04  SCV  
  116  12:05  SCV  
  118  12:10  Siege Tank  
  118  12:12  Marauder, Medivac  
  125  12:24  Combat Shield  
  125  12:25  Factory  
  125  12:26  Barracks  
  125  12:34  Marauder  
  127  12:43  Siege Tank  
  130  13:08  Planetary Fortress  
  130  13:15  Siege Tank  
  133  13:29  Barracks Tech Lab  
  133  13:30  Barracks Reactor  
  133  13:32  Barracks Tech Lab  
  133  13:46  Sensor Tower  
  133  13:47  Siege Tank  
  133  13:48  Missile Turret  
  136  13:56  Refinery  
  136  14:00  Refinery  
  136  14:02  Medivac  
  136  14:03  Medivac  
  136  14:05  Concussive Shells  
  136  14:08  Missile Turret  
  140  14:12  Terran Infantry Weapons Level 3  
  140  14:13  Terran Infantry Armor Level 3  
  140  14:25  Marine x3  
  140  14:26  Marine x3  
  140  14:27  Marauder, Marine  
  149  14:35  Marine, Medivac x2  
  149  14:36  Marauder  
  156  14:43  Marine x2, Supply Depot  
  129  15:02  Marine x2  
  129  15:03  Marine x3  
  129  15:04  Marauder x3  
  129  15:06  Supply Depot  
  121  15:26  Marauder  
  115  15:29  Supply Depot  
  102  15:48  Marauder x2  
  102  15:49  Marine x4  
  107  15:50  Marine x3  
  107  15:53  Supply Depot  
  111  16:07  Marine x2  
  111  16:09  Marauder x2  
  111  16:10  Siege Tank  
  114  16:13  Marine x3  
  107  16:31  Marauder x2  
  107  16:42  Siege Tank  
  108  16:52  Marauder x2  
  107  17:02  Marine  
  107  17:03  Marine x4  
  112  17:13  Marauder  
  112  17:14  Marauder  
  112  17:15  Siege Tank  
  117  17:20  Marine x2  
  117  17:21  Marine x3  
  116  17:30  Medivac x2  
  116  17:35  Marauder x2  
  124  17:38  Marine x3  
  124  17:39  Marine  
  128  17:56  Marauder  
  130  18:00  Medivac x2  
  134  18:06  Command Center  
  134  18:46  Siege Tank  
  134  18:47  Marine x4  
  134  18:48  Marine x2  
  143  19:01  Barracks  
  143  19:11  SCV x2  
  145  19:18  Siege Tank  
  147  19:49  Barracks  
Show
View Real Time Build Order
Export as new Build Order

koke Protoss 

Build Orders: 1 Gate Expand, Double Forge 

Get SALT Encoding   

  12  0:00  Probe (Chrono Boost)  
  13  0:09  Probe (Chrono Boost)  
  14  0:23  Pylon  
  14  0:28  Probe  
  15  0:31  Assimilator  
  15  0:42  Gateway  
  15  0:51  Pylon  
  15  0:52  Probe (Chrono Boost)  
  16  1:04  Probe (Chrono Boost)  
  17  1:13  Probe (Chrono Boost)  
  18  1:18  Probe  
  19  1:30  Probe  
  20  1:37  Nexus  
  20  1:45  Cybernetics Core  
  20  1:49  Probe  
  21  2:01  Probe  
  22  2:10  Gateway  
  22  2:13  Probe  
  23  2:23  Stalker (Chrono Boost)  
  23  2:25  Pylon  
  25  2:31  Probe  
  26  2:40  Assimilator  
  26  2:43  Probe  
  27  2:47  Twilight Council  
  27  2:57  Adept (Chrono Boost)  
  29  3:05  Probe (Chrono Boost)  
  31  3:07  Probe (Chrono Boost)  
  31  3:15  Probe (Chrono Boost)  
  31  3:18  Probe (Chrono Boost)  
  35  3:20  Probe (Chrono Boost)  
  35  3:22  Stalker (Chrono Boost)  
  36  3:27  Probe  
  36  3:31  Probe  
  38  3:38  Forge  
  38  3:39  Probe  
  38  3:40  Forge  
  39  3:46  Probe  
  40  3:49  Pylon, Stalker (Chrono Boost)  
  40  3:55  Stalker (Chrono Boost)  
  44  3:58  Probe  
  44  4:02  Probe  
  46  4:03  Robotics Facility  
  46  4:10  Probe  
  46  4:14  Probe  
  48  4:23  Probe (Chrono Boost)  
  49  4:24  Assimilator  
  49  4:26  Assimilator  
  49  4:29  Pylon, Probe (Chrono Boost)  
  50  4:33  Shield Battery  
  51  4:40  Probe (Chrono Boost)  
  51  4:41  Probe (Chrono Boost)  
  51  4:45  Probe (Chrono Boost)  
  52  4:47  Probe  
  54  4:53  Photon Cannon  
  54  4:56  Probe  
  54  4:57  Observer  
  54  4:59  Probe  
  57  5:01  Blink  
  57  5:07  Photon Cannon  
  57  5:08  Probe  
  57  5:10  Photon Cannon  
  58  5:18  Observer  
  59  5:24  Gateway  
  59  5:25  Gateway  
  59  5:26  Probe  
  59  5:27  Gateway  
  59  5:28  Probe  
  61  5:29  Gateway  
  61  5:38  Probe, Stalker (Chrono Boost)  
  61  5:40  Probe  
  65  5:48  Stalker (Chrono Boost)  
  67  5:50  Probe  
  67  5:52  Probe  
  67  5:56  Observer  
  70  6:03  Pylon  
  70  6:05  Pylon  
  70  6:11  Pylon  
  70  6:14  Pylon  
  70  6:19  Pylon  
  70  6:21  Probe, Stargate x2  
  71  6:28  Stalker x2  
  75  6:34  Stalker x3  
  75  6:35  Stalker  
  83  6:43  Nexus  
  83  6:52  Pylon  
  83  6:54  Pylon  
  83  6:57  Pylon  
  83  7:08  Stalker x2, Charge (Chrono Boost)  
  87  7:22  Stargate  
  87  7:29  Templar Archives  
  87  7:32  Probe  
  88  7:37  Probe  
  89  7:45  Probe  
  89  7:49  Probe  
  91  8:02  Probe  
  91  8:04  Gateway  
  92  8:06  Gateway  
  92  8:09  Gateway  
  92  8:11  Gateway  
  92  8:14  Shield Battery  
  92  8:17  Photon Cannon  
  92  8:21  Photon Cannon  
  92  8:24  Probe  
  92  8:25  Photon Cannon  
  93  8:28  Stalker x4  
  101  8:34  Shield Battery  
  101  8:36  Probe  
  102  8:44  Pylon  
  102  8:46  Pylon, Stalker x2  
  106  8:48  Probe  
  106  8:54  Immortal  
  111  8:57  Psionic Storm  
  111  9:00  Probe  
  116  9:10  Void Ray, Phoenix  
  116  9:12  Phoenix  
  116  9:13  Probe  
  116  9:14  Warp Gate (Chrono Boost)  
  121  9:23  Stalker x2  
  125  9:24  Stalker  
  125  9:25  Probe  
  125  9:28  Stalker  
  130  9:33  Immortal  
  102  10:24  Assimilator  
  102  10:28  Assimilator  
  102  10:35  Stalker x3  
  104  10:36  Stalker  
  104  10:39  Stalker x2  
  104  10:41  Nexus  
  114  10:43  Immortal  
  118  11:11  Probe  
  119  11:22  Immortal  
  119  11:23  Probe (Chrono Boost)  
  124  11:30  Stalker  
  124  11:31  Stalker x2  
  131  11:34  Probe (Chrono Boost)  
  131  11:36  Stalker  
  131  11:37  Stalker x2  
  131  11:38  Stalker  
  131  11:39  Probe (Chrono Boost)  
  140  11:50  Probe  
  140  11:52  Nexus  
  141  11:58  Gateway  
  141  12:00  Gateway  
  141  12:02  Probe  
  141  12:04  Gateway  
  141  12:07  Gateway  
  142  12:08  Gateway  
  142  12:09  Gateway  
  142  12:13  Gateway, Protoss Ground Armor Level 1, Protoss Ground Weapons Level 1  
  142  12:21  Pylon  
  142  12:24  Pylon  
  142  12:27  Pylon  
  142  12:31  Stalker x3  
  142  12:32  Stalker  
  142  12:35  Stalker  
  142  12:36  Stalker x2  
  156  12:45  Immortal  
  160  12:57  Fleet Beacon  
  161  13:05  Probe  
  161  13:14  Gateway  
  161  13:15  Gateway  
  161  13:17  Probe, Gateway  
  162  13:22  Gateway x2  
  162  13:25  Shield Battery  
  162  13:29  Probe  
  163  13:42  Probe  
  163  13:43  Stalker x2  
  163  13:44  Stalker x2  
  163  13:45  Stalker x2  
  163  13:46  Stalker  
  163  13:47  Zealot  
  163  13:48  Zealot  
  182  13:57  Assimilator  
  182  14:00  Assimilator  
  182  14:21  Protoss Shields Level 1  
  155  15:00  Stalker x3  
  155  15:01  Stalker  
  155  15:02  Stalker x3  
  155  15:04  Stalker  
  155  15:05  Zealot x2  
  131  15:23  Zealot x2  
  131  15:24  Zealot x2  
  131  15:25  Zealot x2  
  131  15:26  Zealot  
  131  15:27  Zealot  
  139  15:28  Zealot  
  139  15:29  Zealot x2  
  102  15:50  Stalker x3  
  102  15:51  Stalker x2  
  102  15:52  Stalker x2  
  102  15:53  Stalker x2  
  102  15:55  Zealot x2  
  98  16:34  Stalker x3  
  98  16:35  Stalker x2  
  98  16:36  Stalker x3  
  98  16:37  Stalker x2  
  98  16:38  Stalker  
  78  17:00  Stalker x2  
  78  17:01  Stalker x2  
  74  17:02  Stalker x3  
  78  17:49  Nexus  
  78  17:56  Pylon  
  78  18:00  Pylon  
  78  18:17  Stalker x2  
  82  18:20  Probe  
  83  18:31  Shield Battery  
  83  18:32  Shield Battery  
  83  18:33  Probe  
  84  18:45  Probe  
  85  19:04  Stalker x2  
  88  19:23  High Templar x3  
  94  19:26  High Templar  
  94  19:27  High Templar x2  
  94  19:29  Stalker x2  
  94  19:30  Stalker  
  106  19:33  Stalker x2  
  75  20:01  Stalker  
  75  20:02  Stalker x3  
  75  20:03  Stalker x2  
  75  20:04  Stalker  
  75  20:05  Stalker x3  
Tags
 
Add a new tag
Caveats
  • Supply blocks, unpowered buildings, or Contaminate may cause inaccurate times.
  • Supply counts are checked every 10 seconds.